 Dungeon Crawl Stone Soup version 0.21.1-1-g345015f (webtiles) character file.

2980 kae the Martial Artist (level 9, -8/75 HPs)
             Began as a Purple Draconian Transmuter on June 3, 2018.
             Was an Initiate of Ru.
             Mangled by an orc warrior
             ... wielding a +0 trident
              (21 damage)
             ... on level 7 of the Dungeon.
             The game lasted 00:08:27 (7249 turns).

kae the Martial Artist (DrTm)                       Turns: 7249, Time: 00:08:27

Health: -8/75      AC:  2    Str: 13    XL:     9   Next: 53%
Magic:  26/27      EV: 24    Int: 14    God:    Ru [......]
Gold:   393        SH:  0    Dex: 19    Spells: 10/21 levels left

rFire    . . .     SeeInvis .     - Unarmed
rCold    . . .     Gourm    .   (shield currently unavailable)
rNeg     . . .     Faith    .   (armour unavailable)
rPois    x         Spirit   .   (helmet currently unavailable)
rElec    .         Reflect  .   (cloak currently unavailable)
rCorr    +         Harm     .   (gloves currently unavailable)
MR       +....                  (boots currently unavailable)
Stlth    ++........             (no amulet)
HPRegen  0.22/turn              e - ring of magical power
MPRegen  0.20/turn              x - ring of resist corrosion

@: spider-form
A: tiny, (breathe power), unfitting armour, AC +7
a: End Transformation, Renounce Religion


You were on level 7 of the Dungeon.
You worshipped Ru.
Ru was noncommittal.
You were hungry.
You were a venomous arachnid creature.
You visited 2 branches of the dungeon, and saw 9 of its levels.

You collected 393 gold pieces.

Inventory:

Missiles
 a - 112 arrows
Jewellery
 e - a ring of magical power (left front leg)
 f - an uncursed ring of ice
 m - an uncursed ring of stealth {unknown}
 r - a +1 ring of evasion
 x - a ring of resist corrosion (right front leg)
Wands
 o - a wand of polymorph (11)
 s - a wand of random effects (37)
Scrolls
 g - 7 scrolls of remove curse
 i - 2 scrolls of teleportation
 j - 2 scrolls of identify
 p - a scroll of amnesia
 q - a scroll of vulnerability {unknown}
Potions
 d - a potion of agility
 h - a potion of ambrosia
 k - 3 potions of curing
 l - a potion of flight
 n - 2 potions of mutation
 t - a potion of resistance
 v - a potion of brilliance {unknown}
Books
 b - a book of Changes

   Spells                             Type                      Level
   a - Beastly Appendage              Transmutation                1
   b - Sticks to Snakes               Transmutation                2
   c - Spider Form                    Transmutation/Poison         3
   d - Ice Form                       Ice/Transmutation            4
   e - Blade Hands                    Transmutation                5
 w - a book of Summonings

   Spells                             Type                      Level
   a - Recall                         Summoning/Translocation      3
   b - Aura of Abjuration             Summoning                    5
   c - Summon Demon                   Summoning                    5
   d - Summon Forest                  Summoning/Translocation      5
   e - Summon Mana Viper              Hexes/Summoning              5
   f - Shadow Creatures               Summoning                    6
Comestibles
 c - 9 rations


   Skills:
 + Level 6.1 Fighting
 + Level 5.4 Dodging
 * Level 8.5 Unarmed Combat
 + Level 6.5 Spellcasting
 * Level 8.2 Transmutations


You had 10 spell levels left.
You knew the following spells:

 Your Spells              Type           Power        Failure   Level  Hunger
a - Beastly Appendage     Tmut           ####..       3%          1    None
b - Sticks to Snakes      Tmut           ####....     4%          2    #......
c - Spider Form           Tmut/Pois      ###.......   22%         3    ##.....
d - Blade Hands           Tmut           ####......   32%         5    ######.


Dungeon Overview and Level Annotations

Branches:
Dungeon (8/15)             Temple (1/1) D:6
   Lair: D:8-11

Altars:
Ashenzari
Cheibriados
Dithmenos
Elyvilon
Fedhas
Gozag
Hepliaklqana
Kikubaaqudgha
Makhleb
Nemelex Xobeh
Okawaru
Qazlal
Ru
Sif Muna
Trog
Uskayaw
Vehumet
Wu Jian
Xom
Yredelemnul
Zin
The Shining One

Annotations:
D:3 cjay27's ghost, amateur DEFE
D:8 Erica


Innate Abilities, Weirdness & Mutations

((You can breathe bolts of dispelling energy.))
((Your rich purple scales are hard. (AC +7)))
You cannot fit into any form of body armour.
((You are cold-blooded and may be slowed by cold attacks.))


Message History

Unknown command.
You closely miss the orc warrior.
The orc warrior is heavily wounded.
The orc closely misses you. The orc completely misses you.
The quokka completely misses you. The orc warrior closely misses you.
You barely miss the orc warrior.
The orc warrior is severely wounded.
The quokka closely misses you. The orc completely misses you.
The orc hits you with a flail!
* * * LOW HITPOINT WARNING * * *
You hit the orc warrior but do no damage.
The orc warrior looks as sick as possible!
The orc warrior is almost dead.
The quokka barely misses you.
The orc warrior hits you with a trident!
* * * LOW HITPOINT WARNING * * *
The orc misses you.
You feel better. The orc barely misses you. The quokka completely misses you.
The orc warrior hits you with a trident!!
You die...

#.# ###.### #... #.#
########..## #... #.#
####....##..## #... #
#.# ###.......#..##
#... ####.#
#..........### #...
.....## #..........#
#... ......#
#..........## #..<
......####(...<.)o..#
###.
.........#.....oso..#
##
......###........r..#
......# ###.........#
.....## ##.#......#
.##### ########## ##


You could see an orc warrior, 2 orcs and a quokka.

Vanquished Creatures
  A hippogriff (D:7)
  3 orc warriors
  2 ice beasts (D:5)
  3 phantoms
  3 ogres (D:5)
  4 bullfrogs
  2 scorpions (D:7)
  3 killer bees
  2 vampire bats (D:4)
  7 wights
  2 crimson imps (D:7)
  A centaur zombie (D:5)
  6 hounds
  4 orc priests
  3 orc wizards
  Natasha (thrice) (D:4)
  A centaur skeleton (D:5)
  2 iguanas
  3 worker ants
  9 adders
  2 shadow imps
  2 adder skeletons (D:5)
  A leopard gecko (D:4)
  20 orcs
  A ball python (D:2)
  4 bats
  4 bat skeletons (D:4)
  A bat zombie (D:4)
  11 giant cockroaches
  6 goblins
  7 hobgoblins
  10 jackals
  5 kobolds
  2 quokkas
  3 frilled lizards
  A jackal zombie (D:5)
  A quokka skeleton (D:5)
  8 rats
153 creatures vanquished.

Notes
Turn   | Place    | Note
-------+----------+-------------------------------------------
     0 | D:1      | kae the Draconian Transmuter began the quest for the Orb.
     0 | D:1      | Reached XP level 1. HP: 16/16 MP: 3/3
   341 | D:1      | Reached XP level 2. HP: 18/23 MP: 5/5
  1066 | D:2      | Reached XP level 3. HP: 21/28 MP: 6/6
  1196 | D:2      | Reached XP level 4. HP: 9/41 MP: 10/10
  1869 | D:3      | Learned a level 2 spell: Sticks to Snakes
  1873 | D:3      | Learned a level 3 spell: Spider Form
  2115 | D:3      | Reached XP level 5. HP: 47/47 MP: 11/11
  2169 | D:3      | Noticed cjay27's ghost (amateur DEFE)
  2190 | D:4      | Noticed a phantom
  2204 | D:4      | Killed a phantom
  2208 | D:4      | Noticed Natasha
  2303 | D:4      | Killed Natasha
  2456 | D:4      | Reached XP level 6. HP: 53/53 MP: 12/12
  2471 | D:4      | Noticed Natasha
  2480 | D:4      | Killed Natasha
  2483 | D:4      | Noticed Natasha
  2487 | D:4      | Killed Natasha
  2778 | D:4      | Your scales start taking on a rich purple colour.
  2778 | D:4      | Reached skill level 5 in Spellcasting
  2778 | D:4      | Reached XP level 7. HP: 43/60 MP: 15/15
  3073 | D:4      | Found an ancient bone altar of Kikubaaqudgha.
  3086 | D:4      | Reached skill level 5 in Fighting
  3212 | D:5      | Entered Level 5 of the Dungeon
  3328 | D:5      | Found a sacrificial altar of Ru.
  3361 | D:5      | Reached XP level 8. HP: 63/68 MP: 16/16
  3448 | D:5      | Found a white marble altar of Elyvilon.
  3448 | D:5      | Found a glowing golden altar of the Shining One.
  3897 | D:6      | Found a white marble altar of Elyvilon.
  4097 | D:6      | Reached skill level 5 in Dodging
  5504 | D:6      | Reached XP level 9. HP: 69/75 MP: 18/18
  5651 | D:6      | Found a staircase to the Ecumenical Temple.
  5671 | Temple   | Entered the Ecumenical Temple
  5958 | D:5      | Became a worshipper of Ru the Awakened
  6228 | D:7      | Learned a level 5 spell: Blade Hands
  7240 | D:8      | Noticed Erica
  7249 | D:7      | Mangled by an orc warrior

Skill      XL: |  1  2  3  4  5  6  7  8  9 |
---------------+----------------------------+-----
Dodging        | 2 4 5 |  5.4
Fighting       | 4 5 6 |  6.1
Unarmed Combat | 6 7 8 |  8.5
Spellcasting   | 4 5 6 |  6.5
Transmutations | 6 7 8 |  8.2

Action                   |  1- 3 |  4- 6 |  7- 9 || total
-------------------------+-------+-------+-------++-------
Melee: Unarmed           |   127 |   129 |   280 ||   536
       Tailslap          |    12 |    11 |     8 ||    31
       Headbutt          |     1 |     3 |       ||     4
       Kick              |     2 |       |       ||     2
       Punch             |     1 |     4 |     2 ||     7
 Cast: Beastly Appendage |     8 |     6 |       ||    14
       Spider Form       |       |     7 |    34 ||    41
       Blade Hands       |       |       |     1 ||     1
 Abil: Breathe Dispellin |       |       |     4 ||     4
  Use: Potion            |     1 |       |     1 ||     2
       Scroll            |       |     4 |     9 ||    13
 Stab: Sleeping          |       |     1 |     2 ||     3
  Eat: Chunk             |       |     7 |    11 ||    18
       Ration            |       |       |     2 ||     2
Armor: Skin              |    51 |    22 |    31 ||   104
Dodge: Dodged            |    78 |    81 |   299 ||   458
